 Dungeon Crawl Stone Soup version 0.29.1-15-g9cfb28693d (webtiles) character file.

Game seed: 17398404266291536411

130 croobank the Firebug (level 4, -6/48 HPs)
             Began as a Demonspawn Fire Elementalist on Apr 3, 2023.
             Killed by nerve-wracking pain
             ... invoked by an orc priest
              (14 damage)
             ... on level 3 of the Dungeon.
             The game lasted 00:04:50 (2538 turns).

croobank the Firebug (Demonspawn Fire Elementalist) Turns: 2538, Time: 00:04:51

Health: -6/48      AC:  4    Str: 14    XL:     4   Next: 89%
Magic:  2/7        EV: 12    Int: 19    God:
Gold:   59         SH:  5    Dex: 16    Spells: 5/8 levels left

rFire   . . .      SeeInvis +   e - +1 short sword (flame)
rCold   . . .      Faith    .   (no shield)
rNeg    . . .      Spirit   .   a - +0 robe
rPois   .          Reflect  +   (no helmet)
rElec   +          Harm     .   (no cloak)
rCorr   .          Rampage  .   n - +0 pair of gloves
Will    .....                   (no boots)
Stlth   ..........              o - amulet "Cuowevio" {Reflect rElec Dex+3 SH+5 SInv}
HPRegen 0.16/turn               k - +6 ring of strength
MPRegen 0.10/turn               (no ring)

@: berserking (expiring), very quick
A: demonic guardian 1, spiny 1, sharp scales 1
a: no special abilities


You were on level 3 of the Dungeon.
You visited 1 branch of the dungeon, and saw 3 of its levels.

You collected 59 gold pieces.

Inventory:

Hand Weapons
 e - a +1 short sword of flaming (weapon)
 g - a +0 dagger
 m - a +0 sling
Armour
 a - a +0 robe (worn)
 n - a +0 pair of gloves (worn)
Jewellery
 k - a +6 ring of strength (left hand)
 o - the amulet "Cuowevio" (around neck) {Reflect rElec Dex+3 SH+5 SInv}
   (You found it on level 2 of the Dungeon)

   [amulet of reflection]

   It reflects blocked missile attacks.
   Dex:       It affects your dexterity (+3).
   rElec:     It insulates you from electricity.
   SInv:      It lets you see invisible.
   SH:        It affects your SH (+5).
Scrolls
 j - a scroll of blinking {unknown}
 p - a scroll of fear {unknown}
Potions
 b - a potion of magic
 f - a potion of brilliance
 l - 2 potions of curing
 q - a potion of cancellation {unknown}
 r - 2 potions of lignification {unknown}


   Skills:
 + Level 1.6 Fighting
 + Level 2.3 Dodging
 + Level 2.5 Stealth
 + Level 2.5 Spellcasting
 + Level 2.2 Conjurations
 + Level 3.2 Fire Magic


You had 5 spell levels left.
You knew the following spells:

 Your Spells              Type           Power      Damage    Failure   Level
a - Foxfire               Conj/Fire      48%        2x1d6     5%          1
b - Scorch                Fire           28%        2d6       6%          2

Your spell library contained the following spells:

 Spells                   Type           Power      Damage    Failure   Level
 Conjure Flame            Conj/Fire      12%        6-21      16%         3
 Inner Flame              Hex/Fire       8%         N/A       24%         3
 Flame Wave               Conj/Fire      12%        2d6       45%         4


Dungeon Overview and Level Annotations

Branches:
Dungeon (3/15)

Altars:


Innate Abilities, Weirdness & Mutations

A weak demonic guardian rushes to your aid.
You are partially covered in sharp spines.
You are partially covered in razor-sharp scales. (AC +1, Slay +1)


Message History

The adder is struck by your spines. The adder closely misses you.
Your shadow imp hits the orc wizard.
The orc wizard dies!
Things that are here:
a +0 club; an orc corpse The hobgoblin hits you.
* * * LOW HITPOINT WARNING * * *
There is a stone staircase leading up here.
A red film seems to cover your vision as you go berserk!
You feel yourself moving faster!
You feel mighty! The adder barely misses you.
An orc priest comes into view. It is wielding a +0 club.
You block the hobgoblin's attack. You block the adder's attack.
You feel a strong urge to attack something.
The orc priest shouts!
You hear a shout!
You block the hobgoblin's attack. The adder bites you.
* * * LOW HITPOINT WARNING * * *
You miss the adder.
The adder is severely wounded.
Your shadow imp misses the adder.
The hobgoblin is struck by your spines. The hobgoblin barely misses you.
The adder barely misses you.
Your shadow imp misses the adder.
The hobgoblin is struck by your spines. The hobgoblin closely misses you.
An orc comes into view. It is wielding a +0 club.
The adder is struck by your spines. The adder closely misses you.
There is a stone staircase leading up here.
You hit the adder. You burn the adder.
You kill the adder!
You puncture the orc! You burn the orc.
You kill the orc!
Your shadow imp barely misses the hobgoblin.
The orc priest begins to cast a cantrip, but forgets the words!
An orc comes into view. It is wielding a +0 dagger.
The hobgoblin barely misses you.
You barely miss the hobgoblin.
The hobgoblin is severely wounded.
The orc shouts!
Your shadow imp barely misses the hobgoblin.
The orc priest calls down the wrath of Beogh upon you.
Pain shoots through your body!
You die...

...................
...................
.....[.............
[..................
...................
......)............
.........).........
........)5)........
.o....)@g..........
...................
...................
...................
...o........?......
o..................
...................
...!...........


You could see an orc priest, 2 orcs, a hobgoblin (ally target) and a friendly
shadow imp (summoned).

Vanquished Creatures
  An orc priest (D:3)
  3 adders
  A worm (D:2)
  A dart slug (D:2)
  4 orcs (D:3)
  2 ball pythons (D:2)
  4 endoplasms (D:2)
  3 giant cockroaches (D:2)
  5 goblins
  3 hobgoblins (D:2)
  2 jackals (D:2)
  3 kobolds
  A quokka (D:2)
  5 bats
  2 frilled lizards
  3 rats (D:1)
43 creatures vanquished.

Vanquished Creatures (collateral kills)
  An orc wizard (D:3)
1 creature vanquished.

Vanquished Creatures (others)
  56 foxfires
56 creatures vanquished.

Grand Total: 100 creatures vanquished

Notes
Turn   | Place    | Note
-------+----------+-------------------------------------------
     0 | D:1      | croobank the Demonspawn Fire Elementalist began the quest
                  | for the Orb.
     0 | D:1      | Reached XP level 1. HP: 13/13 MP: 3/3
   439 | D:1      | Gained mutation: You are partially covered in sharp spines.
                  | [demonic ancestry]
   439 | D:1      | Reached XP level 2. HP: 19/19 MP: 5/5
   811 | D:2      | Learned a level 2 spell: Scorch
  1503 | D:2      | Gained mutation: You are partially covered in razor-sharp
                  | scales. (AC +1, Slay +1) [demonic ancestry]
  1503 | D:2      | Reached XP level 3. HP: 25/25 MP: 3/6
  1577 | D:2      | Reached skill level 1 in Fighting
  1834 | D:2      | Identified the amulet "Cuowevio" {Reflect rElec Dex+3 SH+5
                  | SInv}
  1950 | D:2      | Reached skill level 3 in Fire Magic
  2517 | D:3      | Gained mutation: A weak demonic guardian rushes to your
                  | aid. [demonic ancestry]
  2517 | D:3      | Reached XP level 4. HP: 28/32 MP: 0/7
  2538 | D:3      | Killed from afar by an orc priest

Illustrated notes

Levels and vault maps discovered:
D:1:      dpeg_arrival_pits, layout_loops_ring
D:2:      layout_rooms, minmay_pentomino_v2
D:3:      layout_basic, basic_ecumenical_altar, gup_sewer_entry_spiral,
          minmay_misc_feat_ornament, serial_bayou_pond_e, minivault_27

Skill      XL: |  1  2  3 |
---------------+----------+-----
Stealth        | 2 |  2.5
Dodging        | 2 |  2.3
Fighting       | 1 |  1.6
Fire Magic     | 3 |  3.2
Conjurations   | 2 |  2.2
Spellcasting   | |  2.5

Action                   |  1- 3 |  4- 6 || total
-------------------------+-------+-------++-------
Melee: Short sword       |    28 |    11 ||    39
       Punch             |     1 |       ||     1
 Fire: Sling             |     4 |       ||     4
 Cast: Foxfire           |    35 |       ||    35
       Scorch            |    12 |       ||    12
  Use: Scroll            |     5 |       ||     5
       Potion            |       |     1 ||     1
 Stab: Sleeping          |     3 |       ||     3
Armor: Robe              |     2 |     2 ||     4
Dodge: Dodged            |    12 |    14 ||    26
Block: Other             |     8 |     5 ||    13
